 Seeded DCSS version 0.28.0-47-ge53b351184 (webtiles) character file.

Game seed: 523019199727972820 (custom seed)

292815 thiscave3701365 the Axe Maniac (level 20, 0/198 HPs)
             Began as a Minotaur Berserker on May 10, 2022.
             Was the Champion of Trog.
             Drowned by a quicksilver ooze (8 damage)
             ... on level 2 of the Pits of Slime.
             The game lasted 01:30:05 (55939 turns).

thiscave3701365 the Axe Maniac (MiBe)              Turns: 55939, Time: 01:30:06

Health: 0/198      AC: 12    Str: 35    XL:     20   Next: 33%
Magic:  20/28      EV:  9    Int:  5    God:    Trog [******]
Gold:   2088       SH:  5    Dex: 15    Spells: 19/19 levels left

rFire   + + +      SeeInvis .   z - +10 battleaxe of Doors {vorpal, rF+++ Int-5 Dex+2}
rCold   + + .      Faith    .   (shield currently unavailable)
rNeg    . . .      Spirit   .   C - +1 crystal plate armour
rPois   +          Reflect  +   (helmet restricted)
rElec   .          Harm     .   r - +2 cloak
rCorr   .          Rampage  +   F - +2 pair of gloves "Dethradghoan" {Rampage Regen+ MP+9 Str+4}
Will    +++..                   H - +2 pair of boots
Stlth   ..........              T - amulet of Jozyi {Reflect Rampage rPois SH+5}
HPRegen 1.23/turn               Z - ring of Geedeireh {Fly Will++ Str-4 Int+6 Dex-4 Slay+2}
MPRegen 0.21/turn               U - ring "Fazxat" {rF+ rC++ Str+6 Dex+5}

@: engulfed (cannot breathe), corroded, flying, studying Stealth
A: horns 2, retaliatory headbutt
}: 1/15 runes: decaying
a: Renounce Religion, Berserk, Trog's Hand, Brothers in Arms


You were on level 2 of the Pits of Slime.
You worshipped Trog.
Trog was exalted by your worship.
You visited 8 branches of the dungeon, and saw 35 of its levels.
You visited the Abyss 1 time.
You also visited: Volcano.

You collected 4172 gold pieces.
You spent 2084 gold pieces at shops.

Inventory:

Hand Weapons
 i - the +6 executioner's axe "Wuachoro" {venom, rC+}
   (You acquired it on level 6 of the Dungeon)

   It poisons the flesh of those it strikes.
   rC:        It protects you from cold.
 z - the +10 battleaxe of Doors (weapon) {vorpal, rF+++ Int-5 Dex+2}
   (Trog gifted it to you on level 2 of the Elven Halls)

   It inflicts extra damage upon your enemies.
   Int:       It affects your intelligence (-5).
   Dex:       It affects your dexterity (+2).
   rF:        It renders you almost immune to fire.
 I - the +8 halberd of Doom {flame, rCorr Int+7 Dex-5 Stlth+}
   (You found it on level 2 of the Swamp)

   It burns those it strikes, dealing additional fire damage.
   Big, fiery blades are also staple armaments of hydra-hunters.
   Int:       It affects your intelligence (+7).
   Dex:       It affects your dexterity (-5).
   rCorr:     It protects you from acid and corrosion.
   Stlth:     It makes you more stealthy.
 L - a +6 executioner's axe of flaming
Armour
 r - a +2 cloak (worn)
 C - a +1 crystal plate armour (worn)
 D - a +0 tower shield
 F - the +2 pair of gloves "Dethradghoan" (worn) {Rampage Regen+ MP+9 Str+4}
   (You found it on level 2 of the Lair of Beasts)

   Str:       It affects your strength (+4).
   MP:        It affects your magic capacity (+9).
   Regen:     It increases your rate of health regeneration.
   Rampage:   It bestows one free step when moving towards enemies.
 H - a +2 pair of boots (worn)
Jewellery
 m - the ring of Incredulity {rF+ rCorr EV+4 Dex+8}
   (You acquired it on level 1 of the Snake Pit)

   [ring of evasion]

   EV:        It affects your evasion (+4).
   Dex:       It affects your dexterity (+8).
   rF:        It protects you from fire.
   rCorr:     It protects you from acid and corrosion.
 K - the ring "Juneag" {rPois MP+9}
   (You found it on level 3 of the Lair of Beasts)

   [ring of magical power]

   rPois:     It protects you from poison.
   MP:        It affects your magic capacity (+9).
 N - an amulet of guardian spirit
 T - the amulet of Jozyi (around neck) {Reflect Rampage rPois SH+5}
   (You bought it in a shop on level 2 of the Orcish Mines)

   [amulet of reflection]

   It reflects blocked missile attacks.
   rPois:     It protects you from poison.
   SH:        It affects your SH (+5).
   Rampage:   It bestows one free step when moving towards enemies.
 U - the ring "Fazxat" (right hand) {rF+ rC++ Str+6 Dex+5}
   (You bought it in a shop on level 2 of the Orcish Mines)

   [ring of strength]

   Str:       It affects your strength (+6).
   Dex:       It affects your dexterity (+5).
   rF:        It protects you from fire.
   rC:        It greatly protects you from cold.
 Y - a ring of see invisible
 Z - the ring of Geedeireh (left hand) {Fly Will++ Str-4 Int+6 Dex-4 Slay+2}
   (You took it off a deep elf demonologist on level 3 of the Elven Halls)

   [ring of intelligence]

   Str:       It affects your strength (-4).
   Int:       It affects your intelligence (+6).
   Dex:       It affects your dexterity (-4).
   Slay:      It affects your accuracy & damage with ranged weapons and melee
   (+2).
   Fly:       It grants you flight.
   Will:      It greatly increases your willpower.
Wands
 h - a wand of charming (4)
 s - a wand of mindburst (12)
 u - a wand of acid (19)
 v - a wand of paralysis (17)
 y - a wand of iceblast (14)
 A - a wand of flame (52)
 E - a wand of polymorph (6)
Scrolls
 c - 2 scrolls of fog
 e - 4 scrolls of teleportation
 k - a scroll of brand weapon
 l - 9 scrolls of identify
 n - 3 scrolls of blinking
 o - 2 scrolls of vulnerability
 w - 2 scrolls of summoning
 G - 5 scrolls of fear
 R - a scroll of silence
Potions
 a - 5 potions of brilliance
 b - 2 potions of lignification
 d - 10 potions of curing
 f - 4 potions of berserk rage
 g - 3 potions of resistance
 j - 5 potions of cancellation
 p - 3 potions of invisibility
 q - 3 potions of might
 t - 3 potions of heal wounds
 x - a potion of mutation
 B - 6 potions of attraction
 M - 4 potions of haste
 V - a potion of ambrosia
 W - 2 potions of flight
Miscellaneous
 J - a condenser vane
 P - a piece from Xom's chessboard (15/15)
 Q - a box of beasts
 S - a lightning rod (4/4)
 X - a phial of floods


   Skills:
 + Level 21.2 Fighting
 O Level 27 Axes
 + Level 21.5 Armour
 + Level 3.2 Dodging
 + Level 2.5 Stealth
 + Level 7.9 Shields
 + Level 0.4 Evocations


You had 19 spell levels left.
You didn't know any spells.
Your spell library was empty.

Dungeon Overview and Level Annotations

Branches:
Dungeon (15/15)            Temple (1/1) D:4            Lair (6/6) D:10
  Swamp (4/4) Lair:2        Snake (2/4) Lair:3        Slime (2/5) Lair:5
    Orc (2/2) D:12            Elf (3/3) Orc:2        Vaults (0/5) D:14
 Depths (0/4) D:15        Volcano (visited)

Altars:
Ashenzari
Cheibriados
Dithmenos
Elyvilon
Fedhas
Gozag
Hepliaklqana
Kikubaaqudgha
Makhleb
Nemelex Xobeh
Okawaru
Qazlal
Ru
Sif Muna
Trog
Uskayaw
Vehumet
Wu Jian
Xom
Yredelemnul
Zin
The Shining One

Shops:
D:7 *   D:14 (   Orc:2 ![=[

Portals:
Trove: Elf:3 (give 12 scrolls of teleportation)

Annotations:
Snake:1 2 transporters, Jingleheimer's ghost, adept DrBe


Innate Abilities, Weirdness & Mutations

You have a pair of horns on your head.
You reflexively headbutt those who attack you in melee.


Message History

* * * LOW HITPOINT WARNING * * *
Your lungs strain for air!
The quicksilver ooze hits you!
* * * LOW HITPOINT WARNING * * *
The quicksilver ooze hits you but does no damage.
Okay, then.
You feel much better.
* * * LOW HITPOINT WARNING * * *
Your lungs strain for air!
The quicksilver ooze hits you. The quicksilver ooze barely misses you.
The quicksilver ooze completely misses you.
You furiously retaliate!
You headbutt the quicksilver ooze, but do no damage.
The quicksilver ooze hits you but does no damage.
You slash the quicksilver ooze!
The quicksilver ooze is heavily wounded.
* * * LOW HITPOINT WARNING * * *
Your lungs strain for air!
The quicksilver ooze closely misses you.
You furiously retaliate!
You headbutt the quicksilver ooze!
The quicksilver ooze hits you but does no damage.
You barely miss the quicksilver ooze.
The quicksilver ooze is severely wounded.
* * * LOW HITPOINT WARNING * * *
Your lungs strain for air!
The quicksilver ooze hits you.
* * * LOW HITPOINT WARNING * * *
You block the quicksilver ooze's attack.
You hit the quicksilver ooze.
Your headbutt misses the quicksilver ooze.
The quicksilver ooze is severely wounded.
* * * LOW HITPOINT WARNING * * *
Your lungs strain for air!
The quicksilver ooze hits you.
* * * LOW HITPOINT WARNING * * *
The quicksilver ooze hits you!
* * * LOW HITPOINT WARNING * * *
You feel your power leaking away.
You feel better.
You die...

#######
####..#..##.
##...........
#............
##............
#.....@J......
##.........>..
##......#....
#............
#........#.. .
##............
###.....#....
###..#.#...


You could see a quicksilver ooze.

Vanquished Creatures
  the Lernaean hydra (Swamp:4)
  A profane servitor (Abyss:2)
  Jorgrun (Snake:1)
  A deep elf blademaster (Elf:3)
  An acid blob (Slime:1)
  The ghost of brae the Bludgeoner, an adept HuBe of Trog (D:15)
  3 tentacled starspawn (Abyss:2)
  A thorn hunter (Swamp:4)
  The ghost of Zeld the Fighter, a journeyman DrCj of Vehumet (Swamp:1)
  A nagaraja (Snake:2)
  A fire giant (D:15)
  2 azure jellies (Slime:1)
  5 deep elf sorcerers
  A very ugly thing (Abyss:2)
  A quicksilver ooze (Slime:1)
  11 deep elf elementalists
  Azrael (Orc:1)
  6 deep elf annihilators
  3 deep elf demonologists
  2 eleionomae
  Nessos (Lair:4)
  5 bunyips
  The ghost of Etunu the Severer, a journeyman GrFi of the Shining One (Lair:6)
  Josephine (D:10)
  4 deep elf death magi (Elf:3)
  3 deep elf high priests (Elf:3)
  A shambling mangrove (Swamp:1)
  Fannar (Lair:1)
  20 hydras
  6 naga warriors
  2 boulder beetles (D:15)
  A centaur warrior (D:14)
  4 catoblepae
  4 ogre magi
  12 two-headed ogres
  A death knight (D:14)
  The ghost of Kazon the Cleaver, a novice HOFi of Beogh (D:9)
  The ghost of GigaChad the Basher, a novice MiFi of Ashenzari (Orc:1)
  3 anacondas (Snake:1)
  Erica (D:10)
  25 dancing weapons
  10 alligators
  2 tengu warriors
  An orc high priest (Orc:1)
  5 naga sharpshooters (Snake:1)
  A shock serpent (Snake:2)
  Urug (D:10)
  Nergalle (D:10)
  Sonja (Lair:4)
  15 deep elf knights
  A fire crab (Lair:6)
  4 skeletal warriors
  4 spriggan druids
  6 goliath frogs
  A sea snake (Snake:2)
  A death drake (Swamp:4)
  2 naga ritualists
  A bog body (Swamp:1)
  12 swamp dragons
  31 deep elf pyromancers
  11 deep elf archers
  A necromancer (Lair:2)
  4 oklob plants (Lair:5)
  An orc knight (Orc:1)
  4 mana vipers
  19 deep elf zephyrmancers
  A manticore (D:13)
  A worldbinder (Abyss:2)
  4 cyclopes
  7 will-o-the-wisps
  6 ugly things
  9 naga magi
  3 guardian serpents
  24 black mambas
  2 molten gargoyles (Volcano)
  Joseph (Lair:1)
  2 torpor snails
  A cane toad (shapeshifter) (D:14)
  An eye of devastation (Slime:1)
  4 cane toads
  10 komodo dragons
  2 freezing wraiths (D:14)
  A rime drake (Lair:2)
  4 efreet
  An ancient zyme (Abyss:2)
  5 polar bears (Lair:6)
  4 tyrant leeches
  3 trolls
  Grinder (D:5)
  16 hornets
  38 blink frogs
  6 dream sheep
  2 raiju (Abyss:2)
  6 large abominations (Abyss:2)
  3 air elementals
  22 slime creatures
  6 shadows
  23 spriggans
  2 wyverns (Lair:3)
  4 water elementals
  88 yaks
  5 wraiths
  A hog (shapeshifter) (D:15)
  2 steam dragons
  7 fire elementals
  A chaos spawn (Abyss:2)
  The ghost of NinjaNoafa the Cutter, an amateur DsMo (D:3)
  9 vampire mosquitoes
  Menkaure (D:5)
  2 basilisks
  2 neqoxecs (Abyss:2)
  18 swamp worms
  2 wargs (Orc:1)
  2 acid dragons
  3 hell hounds (Orc:1)
  21 nagas
  12 water moccasins
  8 swamp drakes
  22 orc warriors
  4 black bears
  A sky beast (D:7)
  43 wolves
  5 boggarts (Lair:6)
  A necrophage (D:6)
  34 ogres
  12 centaurs
  A phantom (D:4)
  2 kobold brigands
  A small abomination (Abyss:2)
  13 bullfrogs
  9 earth elementals
  A wyvern zombie (D:6)
  4 scorpions
  A wyvern skeleton (D:6)
  5 killer bees (D:9)
  9 wights
  A howler monkey (D:4)
  2 electric eels (Lair:2)
  4 centaur zombies
  17 orc priests
  2 gnoll shamans
  A jelly (D:6)
  10 hounds
  5 iguanas
  Ijyb (D:4)
  17 orc wizards
  6 hell rats (Lair:5)
  4 polar bear simulacra (Lair:2)
  2 wolf simulacra (Lair:2)
  3 yak simulacra (Lair:2)
  A hound zombie (D:5)
  A hound skeleton (D:4)
  6 gnolls
  A howler monkey zombie (D:9)
  8 adders
  A hound simulacrum (D:3)
  2 white imps
  2 ufetubi
  An adder skeleton (D:4)
  3 worms
  A dart slug (D:4)
  An adder simulacrum (D:3)
  84 orcs
  12 endoplasms
  3 giant cockroaches
  4 goblins
  5 hobgoblins
  6 quokkas
  8 ball pythons
  A ball python simulacrum (D:3)
  6 bats
  A frilled lizard (D:1)
  15 kobolds
  8 rats
  2 river rat simulacra (Lair:2)
  3 fire vortices (Volcano)
  A fungus (Swamp:2)
  A lurking horror (Abyss:2)
  3 starspawn tentacles (Abyss:2)
1127 creatures vanquished.

Vanquished Creatures (collateral kills)
  A nagaraja (Snake:2)
  An anaconda (Snake:2)
  A salamander (Snake:2)
  2 naga magi (Snake:2)
  2 black mambas (Snake:2)
  2 nagas (Snake:2)
9 creatures vanquished.

Vanquished Creatures (others)
  3 deep elf zephyrmancers (Elf:3)
  A bloated husk (Swamp:2)
  A swamp drake (Swamp:1)
  A naga simulacrum (Abyss:2)
  An orc (Orc:2)
  2 fire vortices (Volcano)
  20 foxfires
  17 fungi
  40 plants
  4 starspawn tentacles (Abyss:2)
90 creatures vanquished.

Grand Total: 1226 creatures vanquished

Notes
Turn   | Place    | Note
-------+----------+-------------------------------------------
     0 | D:1      | thiscave3701365 the Minotaur Berserker began the quest for
                  | the Orb.
     0 | D:1      | Reached XP level 1. HP: 19/19 MP: 0/0
   265 | D:1      | Reached skill level 4 in Axes
   317 | D:1      | Reached XP level 2. HP: 27/27 MP: 1/1
  1046 | D:1      | Found a faded altar of an unknown god.
  1541 | D:2      | Reached XP level 3. HP: 24/33 MP: 2/2
  1622 | D:2      | Reached skill level 5 in Axes
  2268 | D:2      | Found a broken altar of Ashenzari.
  2560 | D:2      | Reached ** piety under Trog
  2768 | D:3      | Reached XP level 4. HP: 37/40 MP: 3/3
  3010 | D:3      | Found a runed translucent gate.
  3026 | D:3      | Found a runed translucent gate.
  3026 | D:3      | Found a runed translucent gate.
  3059 | D:3      | Noticed NinjaNoafa's ghost (amateur DsMo)
  3320 | D:3      | Reached skill level 6 in Axes
  4172 | D:4      | Noticed Ijyb
  4186 | D:4      | Killed Ijyb
  4316 | D:4      | Reached XP level 5. HP: 43/46 MP: 4/4
  4323 | D:4      | Reached skill level 7 in Axes
  4509 | D:4      | Noticed a phantom
  4520 | D:4      | Killed a phantom
  4521 | D:4      | Reached skill level 8 in Axes
  4521 | D:4      | Reached XP level 6. HP: 24/52 MP: 5/5
  4796 | D:4      | Found a staircase to the Ecumenical Temple.
  5394 | D:4      | Reached skill level 9 in Axes
  6253 | D:4      | Reached XP level 7. HP: 51/58 MP: 6/6
  6715 | D:5      | Entered Level 5 of the Dungeon
  6715 | D:5      | Noticed Menkaure
  7474 | D:4      | Reached skill level 10 in Axes
  7911 | D:5      | Killed Menkaure
  8840 | D:5      | Noticed Grinder
  8850 | D:5      | Reached XP level 8. HP: 67/67 MP: 7/7
  8851 | D:5      | Killed Grinder
  8852 | D:5      | Reached skill level 11 in Axes
  8852 | D:5      | Reached skill level 1 in Stealth
  9458 | D:6      | Reached skill level 5 in Armour
 10250 | D:6      | Reached skill level 5 in Fighting
 10705 | D:6      | Identified a scroll of acquirement
 10705 | D:6      | Acquired the +6 executioner's axe "Wuachoro" {venom, rC+}
 10787 | D:7      | Found Poej's Elemental Accessories.
 10825 | D:7      | Found a sparkling altar of Nemelex Xobeh.
 10830 | D:7      | Reached skill level 12 in Axes
 10844 | D:7      | Reached XP level 9. HP: 74/74 MP: 8/8
 11534 | D:8      | Noticed a two-headed ogre
 11540 | D:8      | Killed a two-headed ogre
 11541 | D:8      | Reached skill level 13 in Axes
 12221 | D:9      | Reached XP level 10. HP: 84/84 MP: 9/9
 12399 | D:9      | Reached skill level 14 in Axes
 12727 | D:9      | Found a runed translucent door.
 12731 | D:9      | Noticed Kazon's ghost (novice HOFi)
 12887 | D:9      | Noticed a seven-headed hydra
 12895 | D:9      | Killed an 11-headed hydra
 12896 | D:9      | Reached skill level 15 in Axes
 13723 | D:8      | Noticed a seven-headed hydra
 13730 | D:8      | Killed a ten-headed hydra
 13964 | D:8      | Reached skill level 10 in Armour
 13968 | D:8      | Reached XP level 11. HP: 69/95 MP: 10/10
 14120 | D:10     | Entered Level 10 of the Dungeon
 14121 | D:10     | Noticed Josephine
 14130 | D:10     | Reached skill level 16 in Axes
 14131 | D:10     | Killed Josephine
 14303 | D:10     | Noticed Erica
 14324 | D:10     | Noticed Nergalle
 14327 | D:10     | Killed Erica
 14332 | D:10     | Killed Nergalle
 14387 | D:10     | Found a staircase to the Lair.
 14391 | D:10     | Reached *** piety under Trog
 14730 | D:10     | Reached skill level 17 in Axes
 14892 | D:10     | Noticed Urug
 14899 | D:10     | Killed Urug
 15407 | D:11     | Reached skill level 10 in Fighting
 15633 | D:11     | Noticed a tengu warrior
 15774 | D:11     | Killed a tengu warrior
 15959 | D:11     | Reached XP level 12. HP: 88/107 MP: 11/11
 16432 | D:12     | Reached **** piety under Trog
 16440 | D:12     | Found a staircase to the Orcish Mines.
 16499 | D:12     | Noticed a two-headed ogre
 16502 | D:12     | Killed a two-headed ogre
 16503 | D:12     | Reached skill level 18 in Axes
 16813 | D:12     | Noticed a two-headed ogre
 16819 | D:12     | Killed a two-headed ogre
 17380 | Lair:1   | Entered Level 1 of the Lair of Beasts
 17493 | Lair:1   | Noticed Fannar
 17498 | Lair:1   | Killed Fannar
 17864 | Lair:1   | Reached skill level 19 in Axes
 18025 | Lair:1   | Noticed Joseph
 18037 | Lair:1   | Killed Joseph
 18363 | Lair:2   | Found a staircase to the Swamp.
 18364 | Lair:2   | Noticed a seven-headed hydra
 18370 | Lair:2   | Killed a ten-headed hydra
 18375 | Lair:2   | Noticed a four-headed hydra
 18387 | Lair:2   | Killed a six-headed hydra
 18591 | Lair:2   | Reached XP level 13. HP: 99/117 MP: 12/12
 18660 | Lair:2   | Reached skill level 20 in Axes
 19105 | Lair:2   | Reached ***** piety under Trog
 19159 | Lair:2   | Identified the +2 pair of gloves "Dethradghoan" {Rampage
                  | Regen+ MP+9 Str+4}
 20350 | Lair:3   | Reached skill level 21 in Axes
 20691 | Lair:3   | Reached skill level 22 in Axes
 20817 | Lair:3   | Found a staircase to the Snake Pit.
 20988 | Lair:3   | Identified the ring "Juneag" {rPois MP+9}
 21343 | Lair:4   | Received a gift from Trog
 21499 | Lair:4   | Noticed Nessos
 21506 | Lair:4   | Killed Nessos
 21666 | Lair:4   | Reached skill level 23 in Axes
 21927 | Lair:4   | Noticed Sonja
 22154 | Lair:4   | Killed Sonja
 22155 | Lair:4   | Reached XP level 14. HP: 123/126 MP: 13/13
 22525 | Lair:5   | Found a staircase to the Slime Pits.
 22617 | Lair:5   | You fall into a shaft and drop 1 floor!
 22617 | Lair:6   | Entered Level 6 of the Lair of Beasts
 22706 | Lair:5   | Found a dark tunnel.
 22760 | Volcano  | Entered a volcano
 24225 | Lair:5   | Reached skill level 1 in Shields
 25588 | Lair:6   | Received a gift from Trog
 25876 | Lair:6   | Reached skill level 24 in Axes
 26349 | Lair:6   | Found a runed translucent gate.
 26350 | Lair:6   | Found a runed translucent gate.
 26351 | Lair:6   | Found a runed translucent gate.
 26353 | Lair:6   | Noticed Etunu's ghost (journeyman GrFi)
 26719 | Lair:6   | Killed Etunu's ghost
 26967 | Lair:2   | Identified the +8 mace of Gayrchemu {flame, rPois}
 27213 | D:9      | Killed Kazon's ghost
 27348 | D:3      | Killed NinjaNoafa's ghost
 27498 | D:7      | Bought a lightning rod (4/4) for 360 gold pieces
 27599 | Orc:1    | Entered Level 1 of the Orcish Mines
 27606 | Orc:1    | Found a runed translucent gate.
 27606 | Orc:1    | Found a runed translucent gate.
 27606 | Orc:1    | Found a runed translucent gate.
 27609 | Orc:1    | Noticed GigaChad's ghost (novice MiFi)
 27932 | Orc:1    | Killed GigaChad's ghost
 27952 | Orc:1    | Identified the amulet of Iminoy {Faith Harm +Blink Will-
                  | Str+5}
 27991 | Orc:2    | Entered Level 2 of the Orcish Mines
 27991 | Orc:2    | Noticed Azrael
 28340 | Orc:1    | Received a gift from Trog
 28530 | Orc:1    | Reached XP level 15. HP: 128/137 MP: 14/14
 29604 | Orc:1    | Killed Azrael
 29820 | Orc:2    | Found Vogom's Jewellery Shop.
 29820 | Orc:2    | Found Vepn's Distillery.
 29908 | Orc:2    | Found a staircase to the Elven Halls.
 29977 | Orc:2    | Found Inlyseno's Antique Armour Shoppe.
 29977 | Orc:2    | Found Digohaur's Antique Armour Shop.
 29984 | Orc:2    | Bought the amulet of Jozyi {Reflect Rampage rPois SH+5} for
                  | 453 gold pieces
 29984 | Orc:2    | Bought the ring "Fazxat" {rF+ rC++ Str+6 Dex+5} for 1103
                  | gold pieces
 30000 | Orc:2    | Bought a potion of curing for 42 gold pieces
 30000 | Orc:2    | Bought a potion of curing for 42 gold pieces
 30000 | Orc:2    | Bought a potion of curing for 42 gold pieces
 30000 | Orc:2    | Bought a potion of curing for 42 gold pieces
 30603 | D:13     | Received a gift from Trog
 30610 | D:13     | Reached skill level 15 in Armour
 31122 | D:13     | Reached skill level 15 in Fighting
 32338 | D:14     | Found Egraezat's Antique Weapon Emporium.
 32770 | D:14     | Reached skill level 25 in Axes
 32839 | D:14     | Found a gate to the Vaults.
 33023 | D:15     | Entered Level 15 of the Dungeon
 33183 | D:15     | Found a runed translucent door.
 33183 | D:15     | Noticed brae's ghost (adept HuBe)
 33328 | D:15     | Found a staircase to the Depths.
 33329 | D:15     | Noticed a fire giant
 33421 | D:15     | Killed a fire giant
 33981 | Temple   | Entered the Ecumenical Temple
 34451 | Swamp:1  | Entered Level 1 of the Swamp
 34974 | Swamp:1  | Found a runed translucent gate.
 34974 | Swamp:1  | Found a runed translucent gate.
 34974 | Swamp:1  | Found a runed translucent gate.
 34977 | Swamp:1  | Noticed Zeld's ghost (journeyman DrCj)
 35273 | Swamp:1  | Reached XP level 16. HP: 145/151 MP: 15/15
 35607 | Swamp:1  | Killed Zeld's ghost
 35668 | Swamp:1  | Identified the amulet "Axiuzxim" {Acrobat Str+3}
 36510 | Elf:1    | Entered Level 1 of the Elven Halls
 36717 | Elf:1    | Paralysed by an air elemental for 1 turns
 37456 | Elf:2    | Paralysed by an air elemental for 1 turns
 37463 | Elf:2    | Paralysed by an air elemental for 1 turns
 37512 | Elf:2    | Identified the +10 battleaxe of Doors {vorpal, rF+++ Int-5
                  | Dex+2} (Trog gifted it to you on level 2 of the Elven
                  | Halls)
 37512 | Elf:2    | Received a gift from Trog
 37647 | Elf:2    | Cast into level 2 of the Abyss (a deep elf demonologist)
 37674 | Abyss:2  | Noticed a tentacled starspawn
 37680 | Abyss:2  | Killed a tentacled starspawn
 37980 | Abyss:2  | Gained mutation: You are frail. (-10% HP) [a neqoxec]
 38055 | Abyss:2  | Noticed a tentacled starspawn
 38059 | Abyss:2  | Killed a tentacled starspawn
 38105 | Abyss:2  | Noticed a tentacled starspawn
 38112 | Abyss:2  | Killed a tentacled starspawn
 38231 | Abyss:2  | Lost mutation: You are frail. (-10% HP) [a neqoxec]
 38236 | Abyss:2  | Noticed a profane servitor
 38248 | Abyss:2  | Killed a profane servitor
 38292 | Elf:2    | Escaped the Abyss
 38293 | Elf:2    | Noticed a Tzitzimitl
 38612 | Elf:2    | Found a runed translucent gate.
 38612 | Elf:2    | Found a runed translucent gate.
 38613 | Elf:2    | Found a runed translucent gate.
 38641 | Elf:2    | Reached skill level 26 in Axes
 38641 | Elf:2    | Reached XP level 17. HP: 161/161 MP: 16/16
 38642 | Elf:2    | Reached XP level 18. HP: 169/169 MP: 17/17
 38677 | Elf:2    | Reached skill level 5 in Shields
 39251 | Elf:2    | Reached ****** piety under Trog
 39614 | D:15     | Killed brae's ghost
 40458 | Swamp:2  | Identified the +8 halberd of Doom {flame, rCorr Int+7 Dex-5
                  | Stlth+}
 40901 | Swamp:2  | Reached XP level 19. HP: 115/179 MP: 18/18
 41190 | Swamp:3  | Received a gift from Trog
 41906 | Elf:3    | Entered Level 3 of the Elven Halls
 42607 | Elf:3    | Found a portal to a secret trove of treasure.
 43394 | Elf:3    | Reached skill level 27 in Axes
 43608 | Elf:3    | Paralysed by an air elemental for 1 turns
 44094 | Elf:3    | Received a gift from Trog
 45969 | Elf:3    | Identified the ring of Geedeireh {Fly Will++ Str-4 Int+6
                  | Dex-4 Slay+2}
 46012 | Elf:3    | Identified the +10 spear "Mody" {venom, rF+ rN+}
 46013 | Elf:3    | Noticed a Tzitzimitl
 46016 | Elf:3    | Noticed a Brimstone Fiend
 46559 | Slime:1  | Entered Level 1 of the Pits of Slime
 49525 | Swamp:4  | Entered Level 4 of the Swamp
 50981 | Swamp:4  | Noticed the 27-headed Lernaean hydra
 50993 | Swamp:4  | Killed the 26-headed Lernaean hydra
 51448 | Swamp:4  | Got a decaying rune of Zot
 53712 | Snake:1  | Entered Level 1 of the Snake Pit
 53719 | Snake:1  | Noticed Jorgrun
 53736 | Snake:1  | Killed Jorgrun
 53825 | Snake:1  | Reached XP level 20. HP: 183/195 MP: 19/19
 54280 | Snake:1  | Acquired the ring of Incredulity {rF+ rCorr EV+4 Dex+8}
 54449 | Snake:1  | Found a transporter.
 54462 | Snake:1  | Found a transporter.
 54751 | Snake:1  | Noticed Jingleheimer's ghost (adept DrBe)
 54957 | Snake:2  | Received a gift from Trog
 54980 | Snake:2  | HP: 14/292 [naga mage/+0 spear (2)]
 55925 | Slime:1  | HP: 9/198 [acid blob/splash of acid (11)]
 55934 | Slime:2  | HP: 9/198 [quicksilver ooze (10)]
 55938 | Slime:2  | HP: 3/198 [quicksilver ooze (7)]
 55939 | Slime:2  | Drowned by a quicksilver ooze

Illustrated notes

Levels and vault maps discovered:
D:1:      minmay_arrival_floating_metal, layout_loops_corners,
          shapermc_ecumenical_altar_notcrosses, minivault_11
D:2:      layout_basic, basic_altar
D:3:      layout_basic, gammafunk_ghost_icy
D:4:      minmay_chambers_of_twos, layout_loops_cross,
          minmay_temple_entry_fiery, minmay_fractal_squares_5, uniq_ijyb
D:5:      layout_rooms, serial_bayou_lagoon_a, uniq_grinder, uniq_menkaure
D:6:      layout_loops_ring, grunt_decor_fettered, kennysheep_small_circle
D:7:      layout_loops_ring, mainiacjoe_overflow_small_starburst,
          nicolae_elemental_shop
D:8:      layout_rooms
D:9:      layout_stronghold, ebering_ghost_reflecting_pool
D:10:     layout_small_grid, erik_lair_island, uniq_urug, uniq_nergalle,
          uniq_josephine, uniq_erica
D:11:     layout_rooms, minivault_25_ag
D:12:     layout_roguey, hiddenorc2_lemuel
D:13:     layout_basic, hex_intersection
D:14:     layout_loops_corners, david_vaults_1, minmay_misc_feat_cross,
          serial_shops, kennysheep_mini
D:15:     grunt_enter_depths_giant_problem, layout_basic,
          chequers_serial_rivers_small_a, hellmonk_ghost_happy_afterlife
Temple:   compressed_dpeg_triangle_lava_temple
Lair:1:   layout_roguey, grunt_megastairs_4, lemuel_fruit_tree, uniq_fannar,
          uniq_joseph
Lair:2:   layout_cave_pods, swamp_mist, eino_house_with_fridge,
          serial_bayou_shore_a, infiniplex_staircase_pool_2
Lair:3:   nzn_winding_woodlands_three_and_one
          [nzn_winding_woodlands_5x15_pathside_ponds,
          nzn_winding_woodlands_5x15_sawtooth,
          nzn_winding_woodlands_5x15_zeroes,
          nzn_winding_woodlands_center_diamonds], layout_chaotic_city,
          guppyfry_snake_entry_island
Lair:4:   layout_cave_pods, chequers_serial_rivers_micro_e, grunt_megastairs_3,
          uniq_sonja, uniq_nessos
Lair:5:   layout_cave_shapes, minmay_slime_entry_oklob_open,
          nicolae_volcano_entry_lava_flow, minivault_26, minmay_lindwurm_lava
Lair:6:   minmay_lair_end_enchanted_forest, layout_cellular_growth,
          ebering_ghost_rock_garden
Swamp:1:  layout_falls_marsh, gammafunk_ghost_hydra_chop,
          evilmike_swamp_ruin_house_1, swamp_pool5, lightli_tree_ring
Swamp:2:  layout_basic_swamp, nicolae_swamp_stair_fork, swamp_pool1,
          water_boxes_lemuel
Swamp:3:  layout_falls_marsh, evilmike_swamp_ruin_house_3
Swamp:4:  swamp_old_school, layout_basic_swamp, swamp_pool1
Snake:1:  layout_misc_corridors, gammafunk_ghost_berserking_beasts, uniq_jorgrun
Snake:2:  nicolae_cobra_stairs, layout_basic, serial_shops, shop_fountains,
          basic_altar, minmay_shoptagon
Slime:1:  layout_caves, nicolae_slime_phagocytosis
Slime:2:  layout_caves, cheibrodos_slime_lost_civilization_5
Orc:1:    layout_caves, gammafunk_ghost_split
Orc:2:    st_orc_ogre_mass, layout_caves, nicolae_orc_rockfall, uniq_azrael
Elf:1:    layout_gridlike, hangedman_corner_corridor
Elf:2:    elven_hall_of_blades_hangedman_original
          [nicolae_blade_entry_sentries_behind_glass], layout_geoelf_grid
Elf:3:    minmay_elf_hall_x, layout_geoelf_diagonals, enter_trove_1,
          nicolae_elf_elemental_lessons

Skill      XL: |  1  2  3  4  5  6  7  8  9 10 11 12 13 14 15 16 17 18 19 20 |
---------------+-------------------------------------------------------------+-----
Axes           | 4 5 6 8 9 10 12 13 15 17 19 23 24 25 26 27 | 27.0
Fighting       | 4 5 6 8 10 11 12 13 15 17 18 20 21 | 21.2
Armour         | 3 6 8 10 11 12 14 15 16 17 18 20 21 | 21.5
Stealth        | 1 2 |  2.5
Dodging        | 3 |  3.2
Shields        | 2 4 5 7 |  7.9
Evocations     | |  0.4

Action                   |  1- 3 |  4- 6 |  7- 9 | 10-12 | 13-15 | 16-18 | 19-21 || total
-------------------------+-------+-------+-------+-------+-------+-------+-------++-------
Melee: Hand axe          |    78 |   115 |   102 |       |       |       |       ||   295
       Headbutt          |     8 |    11 |    41 |    61 |   159 |    83 |   102 ||   465
       Punch             |     1 |       |       |       |       |       |       ||     1
       Executioner's axe |       |       |    72 |   335 |   871 |   360 |   307 ||  1945
       Battleaxe         |       |       |       |       |       |       |   187 ||   187
Invok: Berserk           |     2 |     7 |    19 |    19 |    27 |     9 |    12 ||    95
Evoke: Condenser vane    |       |       |       |       |     1 |       |       ||     1
       Wand              |       |       |       |       |     6 |       |       ||     6
  Use: Scroll            |       |       |     9 |    14 |     7 |     2 |     6 ||    38
       Potion            |       |       |       |       |       |     5 |     6 ||    11
 Stab: Sleeping          |     1 |       |       |       |       |       |       ||     1
       Confused          |       |       |       |       |     1 |       |       ||     1
       Distracted        |       |       |       |       |       |     1 |     1 ||     2
Armor: Animal skin       |     9 |    17 |       |       |       |       |       ||    26
       Chain mail        |       |       |    53 |       |       |       |       ||    53
       Crystal plate arm |       |       |    81 |   284 |   637 |   237 |   449 ||  1688
Dodge: Dodged            |    33 |    45 |    64 |   131 |   261 |   119 |   205 ||   858
Block: Other             |       |       |       |       |    82 |    68 |    64 ||   214
       Reflection        |       |       |       |       |     5 |     2 |     5 ||    12
